 Dungeon Crawl Stone Soup version 0.31-a0-177-g4aa6249778 (webtiles) character file.

Game seed: 11970917778325608948

91 mopl the Digger (level 4, -2/33 HPs)
             Began as a Draconian Earth Elementalist on June 18, 2023.
             Slain by an iguana (8 damage)
             ... on level 4 of the Dungeon.
             The game lasted 00:02:42 (2508 turns).

mopl the Digger (Draconian Earth Elementalist)      Turns: 2508, Time: 00:02:43

Health: -2/33      AC:  5    Str: 10    XL:     4   Next: 33%
Magic:  3/9        EV: 12    Int: 17    God:
Gold:   240        SH:  0    Dex: 12    Spells: 6/9 levels left

rFire   . . .        d - +0 dagger (venom)
rCold   . . .        (no shield)
rNeg    . . .        (body armour unavailable)
rPois   .            (helmet restricted)
rElec   .            (no cloak)
rCorr   .            (no gloves)
SInv    .            (no boots)
Will    .....        (no amulet)
Stlth   ++           (no ring)
HPRegen 0.25/turn    (no ring)
MPRegen 0.11/turn

%: no passive effects
@: no status effects
A: AC +5, unfitting armour, cold-blooded
a: no special abilities


You were on level 4 of the Dungeon.
You visited 1 branch of the dungeon, and saw 4 of its levels.

You collected 240 gold pieces.

Inventory:

Hand Weapons
 d - a +0 dagger of venom (weapon)
Missiles
 m - 2 boomerangs
Wands
 o - a wand of polymorph (5)
Scrolls
 b - 2 scrolls of enchant weapon {unknown}
 c - 3 scrolls of teleportation {unknown}
 j - 3 scrolls of identify {unknown}
 p - a scroll of silence {unknown}
 q - a scroll of fog {unknown}
 r - a scroll of revelation {unknown}
Potions
 a - a potion of magic
 e - a potion of berserk rage {unknown}
 f - 2 potions of curing {unknown}
 g - 2 potions of heal wounds {unknown}
 h - a potion of haste {unknown}
 i - a potion of degeneration {unknown}
 k - 2 potions of mutation {unknown}
 l - a potion of cancellation {unknown}
 n - a potion of brilliance {unknown}


   Skills:
 - Level 1.7 Dodging
 - Level 1.7 Stealth
 + Level 3.3 Spellcasting
 - Level 1.0 Transmutations
 + Level 4.2 Earth Magic


You had 6 spell levels left.
You knew the following spells:

 Your Spells              Type           Power      Damage    Failure   Level
a - Sandblast             Erth           34%        2d9       3%          1
p - Passwall              Tmut/Erth      9%         N/A       9%          2

Your spell library contained the following spells:

 Spells                   Type           Power      Damage    Failure   Level
 Stone Arrow              Conj/Erth      20%        3d8       22%         3
 Petrify                  Tmut/Erth      11%        N/A       50%         4


Dungeon Overview and Level Annotations

Branches:
Dungeon (4/15)
 Temple: D:4-7

Altars:
Ashenzari
Kikubaaqudgha
Nemelex Xobeh

Annotations:
D:2 dig


Innate Abilities, Weirdness & Mutations

Your plain brown scales are hard. (AC +5)
You cannot fit into any form of body armour.
You are cold-blooded and may be slowed by cold attacks.


Message History

The ball python hisses angrily.
You hear a shout!
There are monsters nearby!
You hit the ball python.
The ball python is moderately wounded.
The ball python closely misses you. The ball python barely misses you. x2
The ball python grabs you. The ball python constricts you.
You closely miss the ball python.
The ball python is moderately wounded.
The ball python closely misses you. The ball python constricts you.
A goblin comes into view. It is wielding a +0 club.
You hit the ball python.
You kill the ball python!
The orc attacks as you move away! The orc misses you.
The orc attacks as you move away! The orc hits you with a +0 hand axe.
The orc hits you with a +0 hand axe. The iguana attacks as you move away!
The iguana bites you. The iguana attacks as you move away!
The iguana misses you. The orc attacks as you move away!
The orc hits you with a +0 hand axe.
The blast of sand hits the orc.
The orc is severely wounded.
The orc hits you with a +0 hand axe.
The blast of sand hits the orc!
You kill the orc!
The iguana closely misses you.
The blast of sand hits the iguana.
The iguana is moderately wounded.
The iguana barely misses you.
The blast of sand hits the iguana but does no damage.
The iguana is moderately wounded.
The iguana completely misses you. The iguana bites you!
* * * LOW HITPOINT WARNING * * *
You are too injured to fight recklessly!
You hit the iguana but do no damage.
The iguana is poisoned.
The iguana is lightly wounded.
The iguana bites you.
* * * LOW HITPOINT WARNING * * *
You hit the iguana but do no damage.
The iguana looks as sick as possible!
The iguana is lightly wounded.
The iguana bites you!
You die...

#.# #.# #.# #.# ##.# #.#
#.# #### ##..# #.# #.#
....#+#...# #.# #.#
#........#+ #.####.#
#........## #...##.#####
#.........####.#.##.....#
+#.......ggl@..#.##.###.###
#...†.....####.#....#
#...### ##........##
#...#### ###...#
#........#+ #..## ###..
......#'#...# #..# ###
..### #.##..# #..# #
.g.##.# #... #. .... #.#
#.[. #. #######.# #....


You could see an iguana (extremely poisoned) and 2 goblins.

Vanquished Creatures
  4 adders
  A worm (D:4)
  A dart slug (D:3)
  3 orcs
  5 bats
  7 endoplasms
  2 giant cockroaches
  5 hobgoblins
  2 quokkas
  2 ball pythons
  3 frilled lizards
  2 goblins
  7 kobolds
  2 rats (D:2)
46 creatures vanquished.

Vanquished Creatures (others)
  A human (D:3)
1 creature vanquished.

Grand Total: 47 creatures vanquished

Notes
Turn   | Place    | Note
-------+----------+-------------------------------------------
     0 | D:1      | mopl the Draconian Earth Elementalist began the quest for
                  | the Orb.
     0 | D:1      | Reached XP level 1. HP: 14/14 MP: 3/3
   414 | D:1      | Reached XP level 2. HP: 19/20 MP: 0/5
   913 | D:2      | Reached XP level 3. HP: 26/26 MP: 4/7
  1462 | D:2      | Learned a level 2 spell: Passwall
  1595 | D:3      | Reached skill level 3 in Spellcasting
  1610 | D:3      | Reached skill level 4 in Earth Magic
  1643 | D:3      | Reached XP level 4. HP: 26/33 MP: 1/8
  1662 | D:3      | Identified the +3 ring mail of Resourcefulness {rElec rF+
                  | rC-}
  1751 | D:3      | Found a broken altar of Ashenzari.
  1943 | D:3      | Found an ancient bone altar of Kikubaaqudgha.
  1948 | D:3      | Noticed a human
  1951 | D:3      | Killed a human
  1952 | D:3      | Found a sparkling altar of Nemelex Xobeh.
  2508 | D:4      | Slain by an iguana

Illustrated notes

Levels and vault maps discovered:
D:1:      ldierk_walled_garden, layout_loops_cross
D:2:      layout_basic, lightli_corner_chamber
D:3:      layout_basic, amcnicky_altar_gilded, lemuel_tele_altar,
          tgw_kikubaaqudgha, minmay_three_crescents
D:4:      layout_rooms, mainiacjoe_overflow_tiny_flanked, minmay_pentangle

Skill      XL: |  1  2  3 |
---------------+----------+-----
Spellcasting   | 3 |  3.3
Earth Magic    | 4 |  4.2
Dodging        | |  1.7
Stealth        | |  1.7
Transmutations | |  1.0

Action                     |  1- 3 |  4- 6 || total
---------------------------+-------+-------++-------
  Melee: Unarmed           |     4 |       ||     4
         Dagger            |    16 |    12 ||    28
         Tailslap          |     3 |     1 ||     4
   Cast: Sandblast         |    43 |    15 ||    58
         Passwall          |     2 |       ||     2
 Armour: Skin              |     7 |     2 ||     9
  Dodge: Dodged            |    29 |    14 ||    43

Table legend: (Time is in decaauts)
 A = Elapsed time spent in this place.
 B = Non-inter-level travel time spent in this place.
 C = Inter-level travel time spent in this place.
 D = Time resting spent in this place.
 E = Time spent auto-exploring this place.
 F = Levels seen in this place.
 G = Mean time per level.
                   A        B        C        D        E       F      G
               +--------+--------+--------+--------+--------+-----+--------+
         Total |   2541 |   2365 |    176 |     76 |   1941 |   4 |  635.2 |
       Dungeon |   2541 |   2365 |    176 |     76 |   1941 |   4 |  635.2 |
               +--------+--------+--------+--------+--------+-----+--------+

Top non-repeatable levels by time:
     D:3: 852 daAuts
     D:2: 813 daAuts
     D:1: 729 daAuts
     D:4: 145 daAuts
